 Dungeon Crawl Stone Soup version 0.21-a0-216-g6d3fd91 (webtiles) character file.

51 suicidejoker the Insei (level 3, 0/28 HPs)
             Began as a Gnoll Transmuter on Aug 23, 2017.
             Slain by an adder (3 damage)
             ... on level 2 of the Dungeon.
             The game lasted 00:04:36 (2014 turns).

suicidejoker the Insei (Gnoll Transmuter)           Turns: 2014, Time: 00:04:36

Health: 0/28       AC:  2    Str:  7    XL:     3   Next: 83%
Magic:  7/7        EV: 12    Int:  7    God:
Gold:   73         SH:  0    Dex:  7    Spells: 7/8 levels left

rFire    . . .     SeeInvis .     - Unarmed
rCold    . . .     Gourm    .   (no shield)
rNeg     . . .     Faith    .   b - +0 robe
rPois    .         Spirit   .   (no helmet)
rElec    .         Reflect  .   (no cloak)
rCorr    +         Harm     .   (no gloves)
MR       .....                  (no boots)
Stlth    +.........             (no amulet)
HPRegen  0.09/turn              l - ring of resist corrosion
MPRegen  0.10/turn              (no ring)

@: lethally poisoned (0 -> -4)
A: unchanging attributes, fangs 1, strong nose
a: no special abilities


You were on level 2 of the Dungeon.
You were not hungry.

You visited 1 branch of the dungeon, and saw 2 of its levels.

You collected 73 gold pieces.

Inventory:

Hand Weapons
 f - a +0 dagger of protection
 j - a +0 dagger of venom
Missiles
 a - 12 arrows
 g - 11 poisoned needles
Armour
 b - a +0 robe (worn)
Jewellery
 l - a ring of resist corrosion (left hand)
Scrolls
 e - a scroll of noise {unknown}
 h - a scroll of magic mapping {unknown}
 i - a scroll of amnesia {unknown}
 k - 2 scrolls of fog {unknown}
 n - a scroll of enchant weapon {unknown}
Books
 c - a book of Changes

   Spells                             Type                      Level
   a - Beastly Appendage              Transmutation                1
   b - Sticks to Snakes               Transmutation                2
   c - Spider Form                    Transmutation/Poison         3
   d - Ice Form                       Ice/Transmutation            4
   e - Blade Hands                    Transmutation                5
Comestibles
 d - 2 bread rations


   Skills:
 + Level 2.5 Fighting
 + Level 1.3 Short Blades
 + Level 3.6 Dodging
 + Level 0.3 Stealth
 + Level 4.6 Unarmed Combat
 + Level 3.1 Spellcasting
 + Level 2.6 Transmutations


You had 7 spell levels left.
You knew the following spells:

 Your Spells              Type           Power        Failure   Level  Hunger
a - Beastly Appendage     Tmut           #.....       12%         1    ##.....


Dungeon Overview and Level Annotations

Branches:
Dungeon (2/15)

Altars:


Innate Abilities, Weirdness & Mutations

Your physical attributes are unchanging.
You have very sharp teeth.
Your uncanny sense of smell can sniff out nearby items.


Message History

The adder bites you.
You barely miss the adder.
The adder is moderately wounded.
You feel sick. The adder misses you. The adder bites you but does no damage.
You hit the adder but do no damage.
The adder is moderately wounded.
The adder bites you.
You barely miss the adder.
The adder is moderately wounded.
The adder bites you.
* * * LOW HITPOINT WARNING * * *
You hit the adder.
The adder is severely wounded.
You feel sick. The adder bites you.
* * * LOW HITPOINT WARNING * * *
You aren't carrying any potions.
You closely miss the adder. Your bite misses the adder.
The adder is severely wounded.
The adder bites you.
You die...

################
#....S@.........
...######.######
##...## #.....#
##...## ##.##
#.# #.# ##'##


You could see an adder.

Vanquished Creatures
  A dart slug (D:2)
  3 leopard geckos
  3 giant cockroaches
  2 goblins
  10 hobgoblins
  4 kobolds (D:1)
  A ball python (D:1)
  10 bats
  A frilled lizard (D:1)
  7 rats
42 creatures vanquished.

Notes
Turn   | Place    | Note
-------+----------+-------------------------------------------
     0 | D:1      | suicidejoker the Gnoll Transmuter began the quest for the Orb.
     0 | D:1      | Reached XP level 1. HP: 15/15 MP: 4/4
     3 | D:1      | Noticed an electric eel
     3 | D:1      | Noticed an electric eel
   301 | D:1      | Reached XP level 2. HP: 16/22 MP: 6/6
   917 | D:1      | Reached skill level 1 in Short Blades
  1113 | D:1      | Reached XP level 3. HP: 21/27 MP: 7/7
  1776 | D:2      | Noticed a bullfrog
  1967 | D:2      | Found a faded altar of an unknown god.
  2014 | D:2      | Slain by an adder

Vault maps used:
D:1:      arrival_aquarium_b
D:2:      nicolae_qazlal_general_emergency, gammafunk_temple_overflow_arena,
          lemuel_blue_sif_altar, chequers_ecumenical_altar_twisty

Skill      XL: |  1  2 |
---------------+-------+-----
Fighting       | 2 |  2.5
Dodging        | 3 |  3.6
Short Blades   | 1 |  1.3
Stealth        | |  0.3
Unarmed Combat | |  4.6
Spellcasting   | |  3.1
Transmutations | |  2.6

Action                   || total
-------------------------++-------
Melee: Dagger            ||   162
       Bite              ||    11
       Unarmed           ||    97
       Punch             ||     1
       Kick              ||     3
 Cast: Beastly Appendage ||     4
 Stab: Sleeping          ||     1
  Eat: Chunk             ||     4
Armor: Robe              ||   133
Dodge: Dodged            ||   236

Table legend:
 A = Spawn XP
 B = Non-spawn XP
 C = Spawn XP percentage of total XP
 D = Spawn monster count
 E = Non-spawn monster count
 F = Spawn count percentage of total count
 G = Total turns spent on level
                    A         B        C        D         E        F      G
               +---------+---------+-------+---------+---------+-------+---------
         Total |      15 |      59 |  20.3 |       9 |      33 |  21.4 |  2014
               +---------+---------+-------+---------+---------+-------+---------
           D:1 |      15 |      37 |  28.8 |       9 |      22 |  29.0 |  1735
           D:2 |       0 |      22 |   0.0 |       0 |      11 |   0.0 |   279
               +---------+---------+-------+---------+---------+-------+---------
